 Dungeon Crawl Stone Soup version 0.28-a0-1429-gf3d713df7a (webtiles) character file.

Game seed: 943726704231315391

48 porpoise the Insei (level 3, -14/28 HPs)
             Began as a Demonspawn Transmuter on Jan 8, 2022.
             Killed from afar by Ijyb (24 damage)
             ... with a bolt of acid
             ... on level 3 of the Dungeon.
             The game lasted 00:04:50 (2669 turns).

porpoise the Insei (Demonspawn Transmuter)          Turns: 2669, Time: 00:04:50

Health: -14/28     AC:  2    Str: 12    XL:     3   Next: 50%
Magic:  5/6        EV: 12    Int: 14    God:
Gold:   51         SH:  0    Dex: 13    Spells: 5/6 levels left

rFire   . . .      SeeInvis .     - Unarmed
rCold   . . .      Faith    .   (no shield)
rNeg    . . .      Spirit   .   a - +0 robe
rPois   .          Reflect  .   (helmet currently unavailable)
rElec   .          Harm     .   (no cloak)
rCorr   .          Rampage  .   (no gloves)
Will    .....                   (boots currently unavailable)
Stlth   +.........              (no amulet)
HPRegen 0.09/turn               (no ring)
MPRegen 0.10/turn               (no ring)

@: appendages
A: talons 2, antennae 1
a: End Transformation


You were on level 3 of the Dungeon.
You had temporarily grown beastly talons.
You visited 1 branch of the dungeon, and saw 3 of its levels.

You collected 51 gold pieces.

Inventory:

Missiles
 d - 21 arrows
 g - 47 stones
 i - 13 bolts
Armour
 a - a +0 robe (worn)
Scrolls
 b - 2 scrolls of identify {unknown}
 c - a scroll of fog {unknown}
 l - a scroll of vulnerability {unknown}
Potions
 e - 3 potions of curing {unknown}
 f - 3 potions of resistance {unknown}
 h - a potion of haste {unknown}
 j - a potion of brilliance {unknown}
 k - a potion of experience {unknown}


   Skills:
 + Level 2.5 Fighting
 - Level 1.7 Dodging
 + Level 3.4 Unarmed Combat
 - Level 2.0 Spellcasting
 - Level 1.7 Transmutations


You had 5 spell levels left.
You knew the following spells:

 Your Spells              Type           Power      Damage    Failure   Level
a - Beastly Appendage     Tmut           12%        N/A       12%         1

Your spell library contained the following spells:

 Spells                   Type           Power      Damage    Failure   Level
 Wereblood                Tmut           6%         N/A       17%         2
 Ensorcelled Hibernation  Hex/Ice        2%         N/A       34%         2
 Spider Form              Tmut/Pois      3%         N/A       45%         3
 Tukima's Dance           Hex            1%         N/A       56%         3
 Ice Form                 Ice/Tmut       3%         N/A       86%         4
 Enfeeble                 Hex            0%         N/A       100%        7


Dungeon Overview and Level Annotations

Branches:
Dungeon (3/15)

Altars:
The Shining One

Annotations:
D:3 Ijyb


Innate Abilities, Weirdness & Mutations

You have temporarily grown beastly talons.
You have a pair of small antennae on your head.


Message History

The ball python bites you. The ball python constricts you.
You barely miss the ball python. You claw the ball python.
The ball python is heavily wounded.
The ball python closely misses you. The ball python constricts you.
You completely miss the ball python.
The ball python is heavily wounded.
Your transformation is almost over.
The ball python bites you. The ball python constricts you.
You closely miss the ball python. You claw the ball python.
The ball python is severely wounded.
The ball python bites you. The ball python constricts you.
You hit the ball python.
You kill the ball python!
You start resting.
Magic restored.
You start resting.
Your talons disappear.
You start resting.
HP restored.
f - 3 bubbling purple potions (gained 2)
A rat and a dart slug come into view.
Ijyb the Twisted Goblin comes into view.
She is wielding a +0 club and carrying a wand of acid (10).
Ijyb shouts!
Casting: Beastly Appendage (safe; 12% risk of failure)
Confirm with . or Enter, or press ? or * to list all spells.
Your feet morph into talons.
Found a ring mail.
The dart slug launches a dart at you. The slug dart hits you.
The dart slug launches a dart at you. The slug dart misses you.
You hit Ijyb but do no damage. You claw Ijyb.
Ijyb is moderately wounded.
Ijyb zaps a wand.
The bolt of acid hits you!
Ouch! That really hurt!
You hit Ijyb. Your kick misses Ijyb.
Ijyb is moderately wounded.
Ijyb zaps a wand.
The bolt of acid hits you!!
Ouch! That really hurt!
You die...

#.....##..####. ###
#.....##.......
#..####....#.#####.
.....####....# #...
# #....####..# #.#.
... #.........##
#+##
#...####.###.######
#
...................#
#
#....g@..##########
# .[.....r..# #
##........# #
#.....w..# #
#........#
########.# #.+ ###


You could see Ijyb, a dart slug and a rat.

Vanquished Creatures
  2 worms (D:2)
  2 dart slugs
  3 endoplasms (D:1)
  A giant cockroach (D:2)
  6 goblins
  2 hobgoblins (D:1)
  3 jackals (D:1)
  4 ball pythons
  4 bats
  3 frilled lizards
  A kobold (D:2)
  6 rats
37 creatures vanquished.

Notes
Turn   | Place    | Note
-------+----------+-------------------------------------------
     0 | D:1      | porpoise the Demonspawn Transmuter began the quest for the
                  | Orb.
     0 | D:1      | Reached XP level 1. HP: 15/15 MP: 3/3
   211 | D:1      | Reached skill level 3 in Unarmed Combat
   211 | D:1      | Lost mutation: You have a pair of horns on your head.
                  | [demonic ancestry]
   211 | D:1      | Lost mutation: You have a pair of small horns on your head.
                  | [demonic ancestry]
   211 | D:1      | Gained mutation: You have a pair of small antennae on your
                  | head. [demonic ancestry]
   211 | D:1      | Reached XP level 2. HP: 17/21 MP: 3/5
  1117 | D:2      | Reached XP level 3. HP: 18/27 MP: 4/6
  1275 | D:2      | Found a faded altar of an unknown god.
  2664 | D:3      | Noticed Ijyb
  2669 | D:3      | Killed from afar by Ijyb

Illustrated notes

Levels and vault maps discovered:
D:1:      dpeg_arrival_shelter, layout_basic
D:2:      layout_basic, basic_altar, hellmonk_ecumenical_altar_lost_god
D:3:      layout_rooms, nicolae_sif_muna_little_library, minmay_misc_feat_x,
          st_stairs_7, dk_noncrumbling_2, minmay_misc_feat_encased,
          minivault_27, uniq_ijyb

Skill      XL: |  1  2 |
---------------+-------+-----
Unarmed Combat | 3 |  3.4
Fighting       | 2 |  2.5
Dodging        | |  1.7
Spellcasting   | |  2.0
Transmutations | |  1.7

Action                   || total
-------------------------++-------
Melee: Unarmed           ||   114
       Kick              ||    28
       Headbutt          ||     3
       Punch             ||     2
 Cast: Beastly Appendage ||    29
Armor: Robe              ||    16
Dodge: Dodged            ||    61

Table legend: (Time is in decaauts)
 A = Elapsed time spent in this place.
 B = Non-inter-level travel time spent in this place.
 C = Inter-level travel time spent in this place.
 D = Time resting spent in this place.
 E = Time spent auto-exploring this place.
 F = Levels seen in this place.
 G = Mean time per level.
                   A        B        C        D        E       F      G
               +--------+--------+--------+--------+--------+-----+--------+
         Total |   2662 |   2606 |     56 |    924 |   1329 |   3 |  887.3 |
       Dungeon |   2662 |   2606 |     56 |    924 |   1329 |   3 |  887.3 |
               +--------+--------+--------+--------+--------+-----+--------+

Top non-repeatable levels by time:
     D:2: 1475 daAuts
     D:1: 1070 daAuts
     D:3: 117 daAuts
